 Dungeon Crawl Stone Soup version 0.27-a0-1147-gb3d8e82157 (webtiles) character file.

Game seed: 11093053812070068680

1621 Gargoyl the Skirmisher (level 8, -1/67 HPs)
             Began as a Gnoll Abyssal Knight on May 11, 2021.
             Was a Priest of Lugonu.
             Slain by a kobold brigand
             ... wielding a +0 dagger of venom
              (4 damage)
             ... on level 7 of the Dungeon.
             The game lasted 00:07:13 (5816 turns).

Gargoyl the Skirmisher (Gnoll Abyssal Knight)       Turns: 5816, Time: 00:07:14

Health: -1/67      AC: 19    Str: 13    XL:     8   Next: 96%
Magic:  13/13      EV:  2    Int: 12    God:    Lugonu [***...]
Gold:   200        SH: 10    Dex: 12    Spells: 14/14 levels left

rFire    . . .     SeeInvis .   a - +1 hand axe
rCold    . . .     Faith    .   q - +2 kite shield
rNeg     . . .     Spirit   .   h - +0 plate armour
rPois    .         Reflect  .   i - +1 helmet
rElec    .         Harm     .   n - +2 cloak
rCorr    .         Rampage  .   f - +0 pair of gloves
Will     .....                  (no boots)
Stlth    ..........             (no amulet)
HPRegen  0.21/turn              (no ring)
MPRegen  0.13/turn              (no ring)

@: lethally poisoned (-1 -> -24), slowed, very slow
A: fangs 1, strong nose, distributed training
a: Renounce Religion, Depart the Abyss, Bend Space, Banish


You were on level 7 of the Dungeon.
You worshipped Lugonu.
Lugonu was most pleased with you.
You visited 1 branch of the dungeon, and saw 6 of its levels.
You visited the Abyss 1 time.

You collected 200 gold pieces.

Inventory:

Hand Weapons
 a - a +1 hand axe (weapon)
Missiles
 c - 36 poisoned darts (quivered)
 d - 2 javelins
Armour
 f - a +0 pair of gloves (worn)
 h - a +0 plate armour (worn)
 i - a +1 helmet (worn)
 n - a +2 cloak (worn)
 q - a +2 kite shield (worn)
Wands
 p - a wand of digging (2)
 t - a wand of flame (20)
Scrolls
 b - 2 scrolls of identify
 l - a scroll of teleportation
 m - a scroll of blinking
Potions
 e - 2 potions of curing
 j - a potion of haste
 k - 3 potions of flight
 o - a potion of mutation {unknown}
 r - a potion of attraction


   Skills:
 + Level 7.6 Fighting
 + Level 3.7 Short Blades
 + Level 3.7 Long Blades
 + Level 6.0 Axes
 + Level 3.7 Maces & Flails
 + Level 3.7 Polearms
 + Level 3.7 Staves
 + Level 3.7 Slings
 + Level 3.7 Bows
 + Level 3.7 Crossbows
 + Level 3.7 Throwing
 + Level 6.0 Armour
 + Level 4.6 Dodging
 + Level 3.7 Stealth
 + Level 3.7 Shields
 + Level 3.7 Unarmed Combat
 + Level 3.7 Spellcasting
 + Level 3.0 Conjurations
 + Level 3.0 Hexes
 + Level 3.0 Summonings
 + Level 3.0 Necromancy
 + Level 3.0 Translocations
 + Level 3.0 Transmutations
 + Level 3.0 Fire Magic
 + Level 3.0 Ice Magic
 + Level 3.0 Air Magic
 + Level 3.0 Earth Magic
 + Level 3.0 Poison Magic
 + Level 6.2 Invocations
 + Level 3.7 Evocations


You had 14 spell levels left.
You didn't know any spells.
Your spell library contained the following spells:

 Spells                   Type           Power      Damage    Failure   Level
 Foxfire                  Conj/Fire      36%        2x1d5     100%        1
 Conjure Flame            Conj/Fire      9%         6-21      100%        3
 Inner Flame              Hex/Fire       9%         N/A       100%        3
 Sticky Flame             Conj/Fire      9%         2d3       100%        4
 Fireball                 Conj/Fire      4%         3d4       100%        5


Dungeon Overview and Level Annotations

Branches:
Dungeon (5/15)
 Temple: D:4-7

Altars:
Kikubaaqudgha
Okawaru
Zin


Innate Abilities, Weirdness & Mutations

You have very sharp teeth.
Your uncanny sense of smell can sniff out nearby items.
Your experience applies equally to all skills.


Message History

You block the kobold's attack.
The kobold brigand hits you but does no damage.
You are more poisoned.
The kobold brigand hits you but does no damage.
You are more poisoned.
You closely miss the kobold brigand.
The kobold brigand is heavily wounded.
You hit the kobold but do no damage.
You feel extremely sick. The kobold hits you but does no damage.
You block the kobold brigand's attack. The kobold hits you but does no damage.
You hit the kobold brigand.
The kobold brigand is heavily wounded.
You closely miss the kobold.
You feel extremely sick.
The kobold brigand hits you but does no damage.
You are more poisoned.
You block the kobold brigand's attack.
You hit the kobold brigand but do no damage.
You bite the kobold brigand, but do no damage.
The kobold brigand is heavily wounded.
You barely miss the kobold.
* * * LOW HITPOINT WARNING * * *
You feel extremely sick. The kobold hits you but does no damage.
The kobold brigand hits you but does no damage.
You are lethally poisoned!
The kobold hits you with a +0 short sword.
* * * LOW HITPOINT WARNING * * *
The kobold brigand hits you but does no damage.
You are more poisoned.
You hit the kobold brigand.
The kobold brigand is severely wounded.
You hit the kobold.
You kill the kobold!
Lugonu accepts your kill.
* * * LOW HITPOINT WARNING * * *
You feel extremely sick.
The kobold brigand hits you with a +0 dagger of venom.
You die...

.. #. .## #. #### ..
#. ##..# #. #.
#...## #.###. #.#..#
#..##. #.##.## #....
##(##..### #..##
#K@###...# ##...#
#K## ###.# #..#.#
.KK....##)#####.##.#
∆....# #.......##.#
.# ......
####.##....# .#
.##### #.#####.# ..
#..# #.# #.
##..###.# #. .
#).#### #.


You could see a kobold brigand and 3 kobolds.

Vanquished Creatures
  Pikel (D:7)
  Grinder (D:3)
  A water moccasin (D:7)
  A centaur (D:7)
  A scorpion (D:4)
  4 killer bees (D:3)
  A centaur zombie (D:7)
  3 hounds
  A jelly (D:5)
  Crazy Yiuf (D:3)
  An orc priest (D:7)
  A centaur skeleton (D:7)
  Jessica (D:3)
  Natasha (D:4)
  An iguana (D:5)
  A scorpion zombie (D:4)
  3 hound zombies (D:4)
  A hound skeleton (D:4)
  5 adders
  An adder skeleton (D:4)
  2 adder zombies (D:4)
  A worm (D:2)
  8 dart slugs
  11 orcs
  5 endoplasms
  4 giant cockroaches
  9 goblins
  10 hobgoblins
  7 jackals
  9 kobolds
  2 quokkas
  11 ball pythons
  4 bats
  A frilled lizard (D:1)
  4 rats
119 creatures vanquished.

Vanquished Creatures (others)
  3 fungi (D:3)
  2 plants (D:5)
5 creatures vanquished.

Grand Total: 124 creatures vanquished

Notes
Turn   | Place    | Note
-------+----------+-------------------------------------------
     0 | Abyss:1  | Gargoyl the Gnoll Abyssal Knight began the quest for the
                  | Orb.
     0 | Abyss:1  | Reached XP level 1. HP: 23/23 MP: 3/3
    60 | Abyss:1  | Noticed a thrashing horror
    87 | Abyss:1  | Noticed a raiju
    93 | D:1      | Escaped the Abyss
   410 | D:1      | Reached XP level 2. HP: 28/29 MP: 5/5
   693 | D:1      | Reached * piety under Lugonu
   877 | D:1      | Reached XP level 3. HP: 32/35 MP: 6/6
  1057 | D:1      | Found a faded altar of an unknown god.
  1395 | D:2      | Reached skill level 1 in Short Blades
  1395 | D:2      | Reached skill level 1 in Long Blades
  1395 | D:2      | Reached skill level 1 in Maces & Flails
  1395 | D:2      | Reached skill level 1 in Polearms
  1395 | D:2      | Reached skill level 1 in Staves
  1395 | D:2      | Reached skill level 1 in Slings
  1395 | D:2      | Reached skill level 1 in Bows
  1395 | D:2      | Reached skill level 1 in Crossbows
  1395 | D:2      | Reached skill level 1 in Throwing
  1395 | D:2      | Reached skill level 1 in Stealth
  1395 | D:2      | Reached skill level 1 in Shields
  1395 | D:2      | Reached skill level 1 in Unarmed Combat
  1395 | D:2      | Reached skill level 1 in Spellcasting
  1395 | D:2      | Reached skill level 1 in Evocations
  1624 | D:2      | Reached XP level 4. HP: 41/41 MP: 7/7
  1999 | D:2      | Reached ** piety under Lugonu
  2000 | D:2      | Reached skill level 1 in Conjurations
  2000 | D:2      | Reached skill level 1 in Hexes
  2000 | D:2      | Reached skill level 1 in Summonings
  2000 | D:2      | Reached skill level 1 in Necromancy
  2000 | D:2      | Reached skill level 1 in Translocations
  2000 | D:2      | Reached skill level 1 in Transmutations
  2000 | D:2      | Reached skill level 1 in Fire Magic
  2000 | D:2      | Reached skill level 1 in Ice Magic
  2000 | D:2      | Reached skill level 1 in Air Magic
  2000 | D:2      | Reached skill level 1 in Earth Magic
  2000 | D:2      | Reached skill level 1 in Poison Magic
  2411 | D:3      | Noticed Grinder
  2420 | D:3      | Killed Grinder
  2421 | D:3      | Reached skill level 5 in Invocations
  2421 | D:3      | Reached XP level 5. HP: 40/47 MP: 8/8
  2421 | D:3      | Reached XP level 6. HP: 45/53 MP: 9/9
  2488 | D:3      | Reached skill level 5 in Axes
  2488 | D:3      | Reached skill level 5 in Armour
  2689 | D:3      | Noticed Jessica
  2713 | D:3      | Killed Jessica
  2994 | D:3      | Reached XP level 7. HP: 44/59 MP: 10/10
  3019 | D:3      | Reached skill level 7 in Fighting
  3429 | D:3      | Found a faded altar of an unknown god.
  3429 | D:3      | Found an ancient bone altar of Kikubaaqudgha.
  3436 | D:3      | Found an iron altar of Okawaru.
  3438 | D:3      | Found a faded altar of an unknown god.
  3440 | D:3      | Found a glowing silver altar of Zin.
  3568 | D:3      | Found a runed translucent door.
  3569 | D:3      | Noticed Crazy Yiuf
  3584 | D:3      | Killed Crazy Yiuf
  4121 | D:4      | Reached *** piety under Lugonu
  4452 | D:4      | Noticed Natasha
  4471 | D:4      | Killed Natasha
  4835 | D:5      | Entered Level 5 of the Dungeon
  5012 | D:5      | Reached XP level 8. HP: 64/67 MP: 12/12
  5184 | D:5      | Noticed a two-headed ogre
  5184 | D:5      | You fall into a shaft and drop 2 floors!
  5491 | D:7      | Noticed Pikel
  5529 | D:7      | Killed Pikel
  5816 | D:7      | HP: 3/67 [poisoned by a kobold brigand]
  5816 | D:7      | Slain by a kobold brigand

Illustrated notes

Levels and vault maps discovered:
D:1:      dpeg_arrival_three_bigger_balls, layout_loops_ring,
          hellmonk_ecumenical_altar_inner_sanctum, grunt_decor_arrowhead
D:2:      cheibrodos_helix_gallery, layout_basic, hex_medium,
          chequers_serial_rivers_micro_c
D:3:      layout_rooms, chequers_temple_overflow_minitemple,
          minmay_misc_feat_rows, uniq_jessica, uniq_crazy_yiuf_cottage,
          uniq_grinder
D:4:      layout_rooms, serial_undead, serial_undead_a, serial_undead_a,
          serial_undead_d, serial_undead_d, st_stairs_2, minmay_misc_feat_chi,
          minmay_misc_feat_square, uniq_natasha
D:5:      layout_basic, nicolae_uskayaw_dance_hall,
          minmay_temple_entry_gardened_gates, kennysheep_generic_room_10
D:7:      layout_rooms, uniq_pikel

Skill      XL: |  1  2  3  4  5  6  7  8 |
---------------+-------------------------+-----
Short Blades   | 1 2 3 |  3.7
Long Blades    | 1 2 3 |  3.7
Maces & Flails | 1 2 3 |  3.7
Polearms       | 1 2 3 |  3.7
Staves         | 1 2 3 |  3.7
Slings         | 1 2 3 |  3.7
Bows           | 1 2 3 |  3.7
Crossbows      | 1 2 3 |  3.7
Throwing       | 1 2 3 |  3.7
Stealth        | 1 2 3 |  3.7
Shields        | 1 2 3 |  3.7
Unarmed Combat | 1 2 3 |  3.7
Spellcasting   | 1 2 3 |  3.7
Evocations     | 1 2 3 |  3.7
Conjurations   | 1 2 3 |  3.0
Hexes          | 1 2 3 |  3.0
Summonings     | 1 2 3 |  3.0
Necromancy     | 1 2 3 |  3.0
Translocations | 1 2 3 |  3.0
Transmutations | 1 2 3 |  3.0
Fire Magic     | 1 2 3 |  3.0
Ice Magic      | 1 2 3 |  3.0
Air Magic      | 1 2 3 |  3.0
Earth Magic    | 1 2 3 |  3.0
Poison Magic   | 1 2 3 |  3.0
Dodging        | 3 4 |  4.6
Invocations    | 5 6 |  6.2
Axes           | 5 6 |  6.0
Armour         | 5 6 |  6.0
Fighting       | 7 |  7.6

Action                   |  1- 3 |  4- 6 |  7- 9 || total
-------------------------+-------+-------+-------++-------
Melee: Hand axe          |    92 |    87 |   285 ||   464
       Bite              |     3 |     4 |    34 ||    41
       Quarterstaff      |       |       |     9 ||     9
       Unarmed           |       |       |     2 ||     2
Throw: Dart              |       |       |    11 ||    11
Invok: Depart the Abyss  |     1 |       |       ||     1
Evoke: Wand              |       |     8 |     2 ||    10
  Use: Scroll            |     3 |       |     3 ||     6
       Potion            |       |       |    10 ||    10
Armor: Leather armour    |    42 |       |       ||    42
       Ring mail         |       |    64 |   165 ||   229
       Plate armour      |       |       |    44 ||    44
       Chain mail        |       |       |     7 ||     7
Dodge: Dodged            |    53 |    72 |   142 ||   267
Block: Kite shield       |       |       |   215 ||   215

Table legend: (Time is in decaauts)
 A = Elapsed time spent in this place.
 B = Non-inter-level travel time spent in this place.
 C = Inter-level travel time spent in this place.
 D = Time resting spent in this place.
 E = Time spent auto-exploring this place.
 F = Levels seen in this place.
 G = Mean time per level.
                   A        B        C        D        E       F      G
               +--------+--------+--------+--------+--------+-----+--------+
         Total |   5882 |   5766 |    116 |    833 |   3750 |   7 |  840.3 |
       Dungeon |   5789 |   5673 |    116 |    833 |   3693 |   6 |  964.8 |
         Abyss |     93 |     93 |      0 |      0 |     57 |   1 |   93.0 |
               +--------+--------+--------+--------+--------+-----+--------+

Top non-repeatable levels by time:
     D:3: 1441 daAuts
     D:1: 1207 daAuts
     D:4: 1068 daAuts
     D:2: 1049 daAuts
     D:7: 662 daAuts
     D:5: 360 daAuts
 Abyss:1: 93 daAuts
